 Dungeon Crawl Stone Soup version 0.26-a0-301-g59b798a (webtiles) character file.

Game seed: 11562375595799634255

25765 Firecrotchwizard the Fighter (level 13, -2/77 HPs)
             Began as a Vine Stalker Berserker on July 15, 2020.
             Was a High Priest of Trog.
             Slain by a five-headed hydra (7 damage)
             ... on level 6 of the Lair of Beasts.
             The game lasted 00:26:54 (14555 turns).

Firecrotchwizard the Fighter (VSBe)                Turns: 14555, Time: 00:26:55

Health: -2/77      AC: 25    Str: 25    XL:     13   Next: 21%
Magic:  0/14       EV:  8    Int:  7    God:    Trog [*****.]
Gold:   995        SH:  0    Dex: 14    Spells: 12/12 levels left

rFire    . . .     SeeInvis .   n - +1 dagger (venom)
rCold    . . .     Faith    .   (no shield)
rNeg     . . .     Spirit   +   D - +0 plate armour
rPois    +         Reflect  .   m - +2 helmet
rElec    .         Harm     .   (no cloak)
rCorr    .                      q - +0 pair of gloves
MR       +....                  B - +0 pair of boots
Stlth    ..........             H - amulet of the acrobat
HPRegen  1.02/turn              J - +4 ring of protection
MPRegen  0.14/turn              p - ring of poison resistance {rPois, !d}

@: no status effects
A: fangs 3, regeneration 2, magic shield, antimagic bite, no potion heal 3, rot
immunity
a: Berserk, Trog's Hand, Brothers in Arms, Renounce Religion


You were on level 6 of the Lair of Beasts.
You worshipped Trog.
Trog was extremely pleased with you.
You visited 2 branches of the dungeon, and saw 16 of its levels.

You collected 995 gold pieces.

Inventory:

Hand Weapons
 n - a +1 dagger of venom (weapon)
   (You took it off a goblin on level 4 of the Dungeon)
 y - a +2 dagger of draining
   (You took it off a goblin on level 4 of the Dungeon)
Armour
 m - a +2 helmet (worn)
   (You took it off Robin on level 4 of the Dungeon)
 q - a +0 pair of gloves (worn)
   (You found it on level 3 of the Dungeon)
 B - a +0 pair of boots (worn)
   (You found it on level 5 of the Dungeon)
 D - a +0 plate armour (worn)
   (You took it off an orc warrior on level 8 of the Dungeon)
Jewellery
 p - a ring of poison resistance (right hand) {rPois, !d}
   (You found it on level 3 of the Dungeon)
 u - an uncursed ring of ice {rC+, rF-}
   (You found it on level 3 of the Dungeon)
 E - the amulet of the Air {Inacc +Fly rElec EV+5 RMsl}
   (You found it on level 4 of the Lair of Beasts)

   [amulet of inaccuracy]

   It reduces the accuracy of all your attacks.
   It affects your evasion (+5).
   It insulates you from electricity.
   It lets you fly.
   It protects you from missiles.
 F - an uncursed ring of protection from magic {MR+, !d}
   (You found it on level 10 of the Dungeon)
 H - an amulet of the acrobat (around neck)
   (You found it on level 1 of the Lair of Beasts)
 J - a +4 ring of protection (left hand)
   (You found it on level 2 of the Lair of Beasts)
Wands
 b - a wand of flame (4)
   (You found it on level 4 of the Lair of Beasts)
 C - a wand of polymorph (5)
   (You found it on level 8 of the Dungeon)
 G - a wand of enslavement (10)
   (You found it on level 5 of the Lair of Beasts)
 I - a wand of random effects (18)
   (You found it on level 2 of the Lair of Beasts)
 M - a wand of acid (6)
   (You found it on level 5 of the Lair of Beasts)
Scrolls
 a - 2 scrolls of fear
 d - 11 scrolls of identify
 i - 2 scrolls of enchant weapon
 j - 8 scrolls of teleportation
 k - 3 scrolls of immolation {!r}
 r - 8 scrolls of remove curse
 z - 2 scrolls of fog
Potions
 c - 2 potions of invisibility {unknown}
 e - 5 potions of might
 f - 2 potions of brilliance
 g - 3 potions of berserk rage {!q}
 h - 6 potions of ambrosia
 o - a potion of resistance {unknown}
 s - 3 potions of haste
 t - 9 potions of curing
 v - 4 potions of lignification {!q}
 w - a potion of magic {unknown}
 x - 2 potions of flight {unknown}
 A - 3 potions of heal wounds
 K - 2 potions of degeneration {unknown}
 L - a potion of mutation {unknown}
 N - a potion of cancellation {unknown}


   Skills:
 + Level 13.3 Fighting
 - Level 10.4 Short Blades
 + Level 10.7 Armour
 - Level 1.5 Dodging


You had 12 spell levels left.
You didn't know any spells.
Your spell library was empty.

Dungeon Overview and Level Annotations

Branches:
Dungeon (10/15)            Temple (0/1) D:4            Lair (6/6) D:10
 Shoals (0/4) Lair:4        Snake (0/4) Lair:2          Orc (0/2) D:9
  Slime: Lair:5-6

Altars:
Ashenzari
Cheibriados
Okawaru
Vehumet

Shops:
D:8 :


Innate Abilities, Weirdness & Mutations

You have razor-sharp teeth.
You heal very quickly.
When hurt, damage is shared between your health and your magic reserves.
Your bite disrupts and absorbs the magic of your enemies.
Potions cannot restore your health.
You are immune to rotting.


Message History

The spriggan rider hits you from afar with a cursed -3 spear!
A five-headed hydra comes into view.
The dream sheep shake their wool and sparkle.
You feel drowsy...
You fall asleep.
The dream sheep bleats!
You hear a bleat!
The wolf barely misses you. The wolf bites you.
You wake up.
The wolf bites you. The wolf bites you but does no damage.
The spriggan rider closely misses you.
You take 15 damage, and have 55/77 hp.
You now have 10/14 mp.
The wolf misses you.
You kill the wolf!
Trog accepts your kill. The wolf bites you but does no damage.
Things that are here:
a +0 rapier; a +0 robe; a spriggan corpse The wolf completely misses you.
The spriggan rider closely misses you.
The boggart casts a spell.
The boggart flickers and vanishes!
Deactivating autopickup; reactivate with Ctrl-A.
You hit something. You bite something!! You drain its magic.
You feel invigorated. The wolf bites you but does no damage.
Something hits you.
The spriggan rider hits you but does no damage.
You regained 3 mp, and now have 13/14 mp.
You miss something. You bite something. Trog accepts your kill.
Trog appreciates your killing of a magic user.
Reactivating autopickup.
The dream sheep dissolves into shadows!
You feel a bit more experienced. The wolf bites you but does no damage.
The wolf misses you.
The five-headed hydra closely misses you.
The five-headed hydra bites you but does no damage.
The five-headed hydra misses you. The five-headed hydra bites you!
The five-headed hydra misses you.
The spriggan rider hits you but does no damage.
The wolf bites you.
You see here 2 gold pieces.
You take 10 damage, and have 48/77 hp.
You now have 11/14 mp.
You hit the five-headed hydra. You bite the five-headed hydra!
You drain its power.
You feel invigorated. The five-headed hydra bites you!
The five-headed hydra bites you.
The five-headed hydra bites you but does no damage.
The five-headed hydra bites you! x2
The wolf pauses to sniff the ground.
The wolf barely misses you.
The spriggan rider hits you but does no damage.
You take 20 damage, and have 28/77 hp.
MASSIVE DAMAGE!!
You now have 8/14 mp.
The wolf barely misses you.
The spriggan rider hits you from afar with a cursed -3 spear.
You take 4 damage, and have 24/77 hp.
You now have 7/14 mp.
The wolf bites you but does no damage. The wolf completely misses you.
Things that are here:
a +0 rapier; a +0 robe; a spriggan corpse You see here a hornet corpse.
The spriggan rider misses you.
Your ogre goes berserk!
The spriggan rider hits you but does no damage.
You hit the five-headed hydra. You bite the five-headed hydra!
You drain its power.
You feel invigorated.
The five-headed hydra bites you but does no damage. x4
The five-headed hydra bites you.
You take 2 damage, and have 26/77 hp.
You completely miss the five-headed hydra.
Your bite misses the five-headed hydra.
The spriggan rider hits you but does no damage.
You hit the five-headed hydra. You bite the five-headed hydra.
You drain its power.
You feel invigorated.
The five-headed hydra bites you but does no damage. x2
The five-headed hydra bites you!
* * * LOW HITPOINT WARNING * * *
The five-headed hydra bites you but does no damage. x2
Your ogre barely misses the five-headed hydra.
You take 7 damage, and have 19/77 hp.
You regained 2 mp, and now have 10/14 mp.
You hit the five-headed hydra.
The spriggan rider hits you but does no damage.
You hit the five-headed hydra.
The five-headed hydra is poisoned.
You bite the five-headed hydra. You drain its power.
You feel invigorated.
Your ogre hits the five-headed hydra with a +0 giant club!
The five-headed hydra bites you but does no damage. x2
The five-headed hydra bites you.
* * * LOW HITPOINT WARNING * * *
The five-headed hydra bites you!
* * * LOW HITPOINT WARNING * * *
The five-headed hydra bites you!
* * * LOW HITPOINT WARNING * * *
You take 11 damage, and have 8/77 hp.
You now have 7/14 mp.
Unknown command.
You hit the five-headed hydra. Your bite misses the five-headed hydra.
The spriggan rider hits you but does no damage.
You puncture the five-headed hydra! Your bite misses the five-headed hydra.
Your ogre barely misses the five-headed hydra.
The five-headed hydra bites you!
* * * LOW HITPOINT WARNING * * *
The five-headed hydra bites you but does no damage.
The five-headed hydra bites you!
You die...

.PP..P♣ .##..♣
....# ...## ♣ ...#
♣. ...# ♣. ♣♣♣
P..♣♣ ♣.. ♣♣♣♣i♣♣
#...♣
..♣♣♣♣♣.ODh.♣♣♣
#...♣
♣.♣...†@♣♣.$.♣
##.♣♣
♣♣..♣♣♣♣♣♣♣♣)†.....
#..♣♣♣♣♣♣♣..♣♣
......♣
P...♣♣††.)...♣♣♣
.....♣♣
#.....♣♣♣).....♣
....... #♣.♣†♣♣
♣♣..♣♣.... ♣♣♣♣♣♣♣
♣♣♣♣♣ ♣♣♣♣ ♣♣♣♣


You could see a five-headed hydra (poisoned), a spriggan rider, a wolf and a
friendly ogre (summoned, berserk).

Vanquished Creatures
  A two-headed ogre (D:10)
  A death yak (Lair:3)
  A lindwurm (Lair:4)
  2 black mambas (Lair:5)
  A gargoyle (D:10)
  2 torpor snails
  8 cane toads
  A rime drake (Lair:3)
  4 komodo dragons
  2 polar bears (Lair:6)
  A queen bee (Lair:4)
  A hornet (Lair:6)
  3 meliai (Lair:4)
  5 hippogriffs
  15 blink frogs
  2 wyverns
  5 spriggans (Lair:6)
  A basilisk (Lair:3)
  11 yaks
  3 nagas (Lair:2)
  A steam dragon (D:10)
  8 water moccasins
  11 porcupines
  Duvessa (D:5)
  3 orc warriors
  An eye of draining (D:10)
  4 black bears
  A sky beast (D:10)
  2 ice beasts
  A boggart (Lair:6)
  A hornet zombie (D:5)
  16 wolves
  5 ogres
  2 phantoms (D:9)
  5 centaurs
  8 crocodiles
  2 big kobolds (D:10)
  12 bullfrogs
  Dowan (D:5)
  22 killer bees
  A troll zombie (D:9)
  2 howler monkeys
  4 orc priests
  6 hounds
  A quasit (D:6)
  3 jellies
  3 bullfrog skeletons
  6 orc wizards
  3 centaur skeletons
  Jessica (D:3)
  An iguana (D:7)
  8 worker ants
  A killer bee zombie (D:9)
  7 ogre zombies (D:9)
  A hound skeleton (D:10)
  A hound zombie (D:6)
  2 worker ant zombies
  Robin (D:4)
  7 gnolls
  10 adders
  3 shadow imps
  6 ufetubi
  An adder skeleton (D:5)
  2 worms
  A dart slug (D:1)
  5 leopard geckos
  30 orcs
  4 giant cockroaches
  11 goblins
  4 hobgoblins
  19 jackals
  10 kobolds
  4 quokkas
  15 bats
  3 frilled lizards
  2 goblin zombies (D:9)
  3 hobgoblin skeletons (D:9)
  3 hobgoblin zombies (D:9)
  3 orc skeletons (D:9)
  13 orc zombies (D:9)
  A quokka skeleton (D:4)
  3 rats
392 creatures vanquished.

Vanquished Creatures (collateral kills)
  A hydra (Lair:6)
  A black mamba (Lair:6)
  2 blink frogs (Lair:6)
  2 yaks (Lair:6)
6 creatures vanquished.

Vanquished Creatures (others)
  5 fungi
  2 plants (Lair:6)
7 creatures vanquished.

Grand Total: 405 creatures vanquished

Notes
Turn   | Place    | Note
-------+----------+-------------------------------------------
     0 | D:1      | Firecrotchwizard the Vine Stalker Berserker began the quest
                  | for the Orb.
     0 | D:1      | Reached XP level 1. HP: 11/11 MP: 2/2
   123 | D:1      | Reached skill level 3 in Short Blades
   377 | D:1      | Reached XP level 2. HP: 16/16 MP: 3/3
   772 | D:2      | Reached skill level 3 in Fighting
   859 | D:2      | Reached XP level 3. HP: 20/20 MP: 4/4
  1094 | D:2      | Gained mutation: Your natural rate of healing is unusually
                  | fast. [Vine Stalker growth]
  1094 | D:2      | Reached XP level 4. HP: 24/24 MP: 3/5
  1182 | D:2      | Reached ** piety under Trog
  1246 | D:2      | Reached skill level 4 in Short Blades
  1495 | D:2      | HP: 5/24 [gnoll/+0 whip (7)]
  1637 | D:3      | Noticed Jessica
  1649 | D:3      | Killed Jessica
  1649 | D:3      | Reached XP level 5. HP: 28/28 MP: 6/6
  1709 | D:3      | Noticed a centaur
  1716 | D:3      | Killed a centaur
  1716 | D:3      | Reached skill level 5 in Short Blades
  1815 | D:3      | Reached skill level 4 in Fighting
  2102 | D:3      | Reached XP level 6. HP: 28/33 MP: 5/7
  2221 | D:4      | Noticed Robin
  2231 | D:4      | Killed Robin
  2485 | D:4      | Found a staircase to the Ecumenical Temple.
  2494 | D:4      | Reached XP level 7. HP: 38/38 MP: 8/8
  2663 | D:4      | Reached skill level 6 in Short Blades
  2934 | D:5      | Entered Level 5 of the Dungeon
  2964 | D:5      | Reached *** piety under Trog
  3054 | D:5      | Reached skill level 5 in Fighting
  3289 | D:5      | Reached skill level 7 in Short Blades
  3450 | D:5      | Noticed Dowan
  3451 | D:5      | Noticed Duvessa
  3469 | D:5      | Killed Dowan
  3469 | D:5      | Gained mutation: You have razor-sharp teeth. [Vine Stalker
                  | growth]
  3469 | D:5      | Reached XP level 8. HP: 39/43 MP: 7/9
  3491 | D:5      | HP: 1/43 [Duvessa/cursed -3 rapier (15)]
  3587 | D:5      | Killed Duvessa
  4370 | D:6      | Reached skill level 8 in Short Blades
  4445 | D:6      | Reached skill level 6 in Fighting
  4664 | D:6      | Reached **** piety under Trog
  4876 | D:7      | Reached XP level 9. HP: 49/49 MP: 10/10
  5024 | D:7      | Reached skill level 9 in Short Blades
  5607 | D:8      | Found an iron altar of Okawaru.
  5638 | D:8      | Reached skill level 7 in Fighting
  5828 | D:8      | Found Hemiufush's Book Boutique.
  6563 | D:9      | Reached skill level 10 in Short Blades
  6674 | D:9      | Found a shattered altar of Ashenzari.
  6752 | D:9      | Reached ***** piety under Trog
  6907 | D:9      | Found a staircase to the Orcish Mines.
  7325 | D:10     | Entered Level 10 of the Dungeon
  7379 | D:10     | Reached skill level 8 in Fighting
  7379 | D:10     | Reached skill level 2 in Armour
  7379 | D:10     | Reached XP level 10. HP: 50/56 MP: 11/11
  7400 | D:10     | Noticed a two-headed ogre
  7403 | D:10     | Noticed a gargoyle
  7408 | D:10     | Killed a two-headed ogre
  7408 | D:10     | Reached skill level 3 in Armour
  7421 | D:10     | Killed a gargoyle
  7421 | D:10     | Reached skill level 4 in Armour
  7617 | D:10     | Reached skill level 9 in Fighting
  7628 | D:10     | Got a polished ring mail
  7639 | D:10     | Identified the +2 ring mail "Waiptab" {rN+ Int+3 Stlth-}
                  | (You found it on level 10 of the Dungeon)
  7794 | D:10     | Reached skill level 5 in Armour
  7856 | D:10     | Found a staircase to the Lair.
  8342 | Lair:1   | Entered Level 1 of the Lair of Beasts
  8350 | Lair:1   | Noticed a cane toad
  8374 | D:10     | Killed a cane toad
  8374 | D:10     | Reached XP level 11. HP: 25/63 MP: 6/12
  8446 | Lair:1   | Reached skill level 6 in Armour
  8667 | Lair:1   | Reached skill level 10 in Fighting
  8888 | Lair:1   | Found a radiant altar of Vehumet.
  9530 | Lair:2   | Received a gift from Trog
  9773 | Lair:2   | Reached skill level 7 in Armour
  9873 | Lair:2   | Found a staircase to the Snake Pit.
 10707 | Lair:3   | Reached skill level 11 in Fighting
 11272 | Lair:3   | Reached skill level 8 in Armour
 11754 | Lair:4   | Gained mutation: You heal very quickly. [Vine Stalker
                  | growth]
 11754 | Lair:4   | Reached XP level 12. HP: 70/70 MP: 13/13
 12284 | Lair:4   | Noticed a death yak
 12291 | Lair:4   | Reached skill level 9 in Armour
 12539 | Lair:3   | Killed a death yak
 12539 | Lair:3   | Reached skill level 12 in Fighting
 12779 | Lair:4   | Received a gift from Trog
 12881 | Lair:4   | Found a staircase to the Shoals.
 12888 | Lair:4   | Found the amulet of the Air {Inacc +Fly rElec EV+5 RMsl}
 13422 | Lair:5   | Found a snail-covered altar of Cheibriados.
 14000 | Lair:6   | Entered Level 6 of the Lair of Beasts
 14058 | Lair:6   | Reached skill level 10 in Armour
 14087 | Lair:6   | Noticed a five-headed hydra
 14097 | Lair:6   | Killed a four-headed hydra
 14139 | Lair:6   | Reached XP level 13. HP: 75/76 MP: 14/14
 14144 | Lair:6   | Reached skill level 13 in Fighting
 14551 | Lair:6   | HP: 19/77 [five-headed hydra (8)]
 14553 | Lair:6   | HP: 8/77 [five-headed hydra (6)]
 14555 | Lair:6   | Slain by a five-headed hydra

Illustrated notes

Levels and vault maps discovered:
D:1:      heliophobic_arrival_enchanted_forest, layout_basic
D:2:      layout_rooms
D:3:      layout_loops_ring, uniq_jessica
D:4:      layout_loops_ring, minmay_temple_entry_sparse_star, uniq_robin
D:5:      layout_basic, uniq_duvessa
D:6:      layout_rooms, minmay_misc_feat_hallway
D:7:      minmay_bubble_buster, layout_basic, uniq_menkaure
D:8:      layout_layer_cave, serial_shops, shop, basic_altar
D:9:      layout_rooms, nicolae_overflow_hidden_temple, zombieorc2_lemuel,
          nicolae_ashenzari_panopticon
D:10:     layout_basic, lair_entry_dummy, minmay_unpleasant_kobolds
Lair:1:   layout_cave_pods, basic_altar
Lair:2:   layout_cave_pods, minmay_snake_entry_guardpost_small, roderic_batcave
Lair:3:   layout_cave_pods
Lair:4:   layout_hall_layers, shoals_dummy_entry, special_room
          [special_room_bee]
Lair:5:   layout_roguey, basic_altar, serial_bayou_shore_b
Lair:6:   minmay_lair_end_enchanted_forest, layout_loops_ring,
          dpeg_slime_entry_corner

Skill      XL: |  1  2  3  4  5  6  7  8  9 10 11 12 13 |
---------------+----------------------------------------+-----
Short Blades   | 3 4 5 7 8 10 | 10.4
Fighting       | 3 4 5 6 8 9 11 12 13 | 13.3
Armour         | 2 5 8 10 | 10.7
Dodging        | |  1.5

Action                   |  1- 3 |  4- 6 |  7- 9 | 10-12 | 13-15 || total
-------------------------+-------+-------+-------+-------+-------++-------
Melee: Short sword       |    21 |       |       |       |       ||    21
       Bite              |    25 |    60 |   291 |   378 |    68 ||   822
       Dagger            |    68 |   172 |   662 |   928 |   154 ||  1984
Invok: Berserk           |     2 |     3 |     2 |     4 |     1 ||    12
       Trog's Hand       |       |       |       |     1 |       ||     1
       Brothers in Arms  |       |       |       |     1 |     1 ||     2
Evoke: Wand              |       |       |     2 |     9 |       ||    11
  Use: Scroll            |       |     9 |     3 |    13 |       ||    25
 Stab: Paralysed         |       |       |     2 |       |       ||     2
Armor: Ring mail         |    37 |    39 |    41 |       |       ||   117
       Chain mail        |       |       |    99 |       |       ||    99
       Plate armour      |       |       |    88 |   449 |   133 ||   670
Dodge: Dodged            |    51 |    83 |   186 |   303 |    80 ||   703

Table legend:
 A = Non-vault XP
 B = Vault XP
 C = Vault XP percentage of total XP
 D = Non-vault monster count
 E = Vault monster count
 F = Vault count percentage of total count
                 A         B        C        D         E       F
            +---------+---------+-------+---------+---------+-------
      Total |   29070 |    7738 |  21.0 |     288 |     110 |  27.6
            +---------+---------+-------+---------+---------+-------
        D:1 |      17 |       0 |   0.0 |       8 |       0 |   0.0
        D:2 |     102 |       0 |   0.0 |      24 |       0 |   0.0
        D:3 |     163 |      37 |  18.5 |       9 |       1 |  10.0
        D:4 |     391 |      34 |   8.0 |      19 |      11 |  36.7
        D:5 |     490 |     217 |  30.7 |      18 |       2 |  10.0
        D:6 |     590 |       0 |   0.0 |      26 |       0 |   0.0
        D:7 |     723 |       0 |   0.0 |      25 |       0 |   0.0
        D:8 |     734 |       0 |   0.0 |      15 |       0 |   0.0
        D:9 |     441 |     541 |  55.1 |      18 |      35 |  66.0
       D:10 |    4860 |     193 |   3.8 |      33 |       6 |  15.4
     Lair:1 |    1526 |       0 |   0.0 |       7 |       0 |   0.0
     Lair:2 |    2704 |     513 |  15.9 |      13 |      12 |  48.0
     Lair:3 |    5020 |     319 |   6.0 |      25 |       5 |  16.7
     Lair:4 |    5400 |    1858 |  25.6 |      23 |      15 |  39.5
     Lair:5 |    2172 |       0 |   0.0 |       9 |       0 |   0.0
     Lair:6 |    3737 |    4026 |  51.9 |      16 |      23 |  59.0
            +---------+---------+-------+---------+---------+-------

Levels and vault maps discovered:
D:1:      heliophobic_arrival_enchanted_forest, layout_basic
D:2:      layout_rooms
D:3:      layout_loops_ring, uniq_jessica
D:4:      layout_loops_ring, minmay_temple_entry_sparse_star, uniq_robin
D:5:      layout_basic, uniq_duvessa
D:6:      layout_rooms, minmay_misc_feat_hallway
D:7:      minmay_bubble_buster, layout_basic, uniq_menkaure
D:8:      layout_layer_cave, serial_shops, shop, basic_altar
D:9:      layout_rooms, nicolae_overflow_hidden_temple, zombieorc2_lemuel,
          nicolae_ashenzari_panopticon
D:10:     layout_basic, lair_entry_dummy, minmay_unpleasant_kobolds
Lair:1:   layout_cave_pods, basic_altar
Lair:2:   layout_cave_pods, minmay_snake_entry_guardpost_small, roderic_batcave
Lair:3:   layout_cave_pods
Lair:4:   layout_hall_layers, shoals_dummy_entry, special_room
          [special_room_bee]
Lair:5:   layout_roguey, basic_altar, serial_bayou_shore_b
Lair:6:   minmay_lair_end_enchanted_forest, layout_loops_ring,
          dpeg_slime_entry_corner

Table legend:
 A = Turns spent in this place as a percentage of turns spent in the entire game.
 B = Non-inter-level travel turns spent in this place as a percentage of non-inter-level travel turns spent in the entire game.
 C = Inter-level travel turns spent in this place as a percentage of turns spent in this place.
 D = Turns resting spent in this place as a percentage of non-inter-level travel turns spent in this place.
 E = Turns spent auto-exploring this place as a percentage of non-inter-level travel turns spent in this place.
 F = Non-inter-level travel turns spent in this place divided by the number of levels of this place that you've seen.
                   A       B       C       D       E      F
               +-------+-------+-------+-------+-------+----------------------
         Total | 100.0 | 100.0 |   4.0 |  14.4 |  61.7 | 873.5
       Dungeon |  57.9 |  57.5 |   4.6 |  13.1 |  62.7 | 803.1
          Lair |  42.1 |  42.5 |   3.1 |  16.2 |  60.4 | 990.8
               +-------+-------+-------+-------+-------+----------------------

Table legend:
 A = Kills in this place as a percentage of kills in entire the game.
 B = Kills by you in this place as a percentage of kills by you in the entire game.
 C = Kills by friends in this place as a percentage of kills by friends in the entire game.
 D = Other kills in this place as a percentage of other kills in the entire game.
 E = Experience gained in this place as a percentage of experience gained in the entire game.
 F = Experience gained in this place divided by the number of levels of this place that you have seen.
                   A       B       C       D       E      F
               +-------+-------+-------+-------+-------+----------------------
         Total | 100.0 | 100.0 | 100.0 |   N/A | 100.0 | 2300.5
       Dungeon |  62.8 |  63.8 |   0.0 |   N/A |  25.9 | 953.3
          Lair |  37.2 |  36.2 | 100.0 |   N/A |  74.1 | 4545.8
               +-------+-------+-------+-------+-------+----------------------
